 Dungeon Crawl Stone Soup version 0.17.0-27-g4a3f43e (webtiles) character file.

483 Peloso the Shield-Bearer (level 6, 0/55 HPs)
             Began as a Minotaur Fighter on Nov 21, 2015.
             Succumbed to a gnoll's poison
             ... on level 4 of the Dungeon.
             The game lasted 00:09:37 (2822 turns).

Peloso the Shield-Bearer (Minotaur Fighter)         Turns: 2822, Time: 00:09:37

Health: 0/55       AC: 10    Str: 26    XL:     6   Next: 87%
Magic:  5/5        EV: 12    Int: 10    God:
Gold:   226        SH: 11    Dex: 16    Spells: 0 memorised, 5 levels left

rFire  . . .     SeeInvis .     a - +0 long sword
rCold  . . .     Clarity  .     h - +0 chain mail
rNeg   . . .     SustAt   +     c - +0 shield
rPois  .         Gourm    .     (helmet restricted)
rElec  .         Spirit   .     (no cloak)
rCorr  .         Warding  .     (no gloves)
rMut   .         Stasis   .     (no boots)
MR     +....                    (no amulet)
Stlth  ..........               p - ring of sustain attributes
                                o - ring of protection from magic

@: mighty, brilliant, agile, lethally poisoned (0 -> -34), very slightly
contaminated, hasted, very quick, somewhat resistant to hostile enchantments,
extremely unstealthy
A: retaliatory headbutt, horns 2
a: no special abilities


You were on level 4 of the Dungeon.
You were not hungry.

You visited 1 branch of the dungeon, and saw 4 of its levels.

You collected 226 gold pieces.

Inventory:

Hand Weapons
 a - a +0 long sword (weapon)
 w - a cursed -3 short sword
Armour
 b - a +0 scale mail
 c - a +0 shield (worn)
 h - a +0 chain mail (worn)
Jewellery
 m - a cursed amulet of inaccuracy {unknown}
 o - a ring of protection from magic (left hand)
 p - a ring of sustain attributes (right hand)
Wands
 v - a wand of draining (0)
Scrolls
 f - 2 scrolls of recharging {unknown}
 g - 7 scrolls of identify {unknown}
 k - 2 scrolls of remove curse {unknown}
Potions
 d - a potion of might
 r - a potion of brilliance
Books
 t - a book of Party Tricks

   Spells                             Type                      Level
   a - Summon Butterflies             Summoning                    1
   b - Apportation                    Translocation                1
   c - Tukima's Dance                 Hexes                        3
   d - Alistair's Intoxication        Transmutation/Poison         4
   e - Invisibility                   Hexes                        6
Comestibles
 e - 6 bread rations
 q - a chunk of flesh
 s - 3 meat rations
 u - 5 fruits


   Skills:
 + Level 4.9 Fighting
 + Level 4.7 Long Blades
 + Level 5.6 Armour
 + Level 1.8 Dodging
 + Level 5.9 Shields


You had 5 spell levels left.
You didn't know any spells.

Dungeon Overview and Level Annotations

Branches:
Dungeon (4/15)
 Temple: D:4-7

Altars:
Ashenzari
Gozag
Qazlal


Innate Abilities, Weirdness & Mutations

You reflexively headbutt those who attack you in melee.
You have a pair of horns on your head.


Message History

Press: ? - help, Shift-Dir - straight line, f/p - gnoll
Aim: a gnoll, wielding a halberd The bolt of negative energy hits the gnoll.
The gnoll is drained!
You kill the gnoll!
The bolt of negative energy hits the gnoll.
The gnoll is drained!
You kill the gnoll!
Evoking this partially-identified wand wasted a few charges.
* * * LOW HITPOINT WARNING * * *
You feel very sick.
Evoke which item? (* to show all) (? for menu, Esc to quit)
Zapping:
v - a wand of draining {zapped: 5} (will waste charges)
Press: ? - help, Shift-Dir - straight line, f - gnoll
Aim: a gnoll, wielding a spear The bolt of negative energy hits the gnoll.
The gnoll is drained!
You kill the gnoll!
Evoking this partially-identified wand wasted a few charges.
You die...

#########..................#
...............)...........)
≈≈≈≈≈≈≈≈≈≈≈≈≈≈≈....≈≈≈≈≈≈≈≈≈
≈≈≈≈≈≈≈≈≈≈≈≈≈≈≈....≈≈≈≈≈≈≈≈≈
###≈≈≈≈≈≈≈≈≈≈≈≈....≈≈≈≈≈≈≈≈≈
#.........................
#############''''#########
#######....# +..@))).)..+
#######....# ##''## .....
.g...g.


gg..... gg..... ++##### There were no monsters in sight!

Vanquished Creatures
  A gnoll sergeant (D:4)
  A gnoll shaman (D:4)
  An iguana (D:3)
  9 adders
  16 gnolls (D:4)
  4 oozes
  3 worms (D:2)
  An adder skeleton (D:3)
  4 giant geckos
  5 orcs (D:4)
  9 bats
  3 giant cockroaches
  8 goblins
  11 hobgoblins
  7 jackals
  2 quokkas
  3 giant newts
  15 kobolds
  11 rats
114 creatures vanquished.

Notes
Turn   | Place    | Note
--------------------------------------------------------------
     0 | D:1      | Peloso the Minotaur Fighter began the quest for the Orb.
     0 | D:1      | Reached XP level 1. HP: 19/19 MP: 0/0
   180 | D:1      | Reached XP level 2. HP: 20/27 MP: 1/1
   599 | D:1      | Found a shattered altar of Ashenzari.
   612 | D:1      | Reached skill level 4 in Armour
   917 | D:2      | Reached XP level 3. HP: 33/33 MP: 2/2
  1116 | D:2      | Reached XP level 4. HP: 18/40 MP: 3/3
  1684 | D:3      | Found a stormy altar of Qazlal.
  1703 | D:3      | Found an opulent altar of Gozag.
  1980 | D:3      | Reached XP level 5. HP: 47/47 MP: 4/4
  2275 | D:3      | Reached skill level 5 in Armour
  2399 | D:3      | Reached skill level 1 in Dodging
  2476 | D:4      | Reached skill level 5 in Shields
  2773 | D:4      | Reached XP level 6. HP: 53/53 MP: 5/5
  2821 | D:4      | HP: 2/55 [poisoned by a gnoll]
  2822 | D:4      | Succumbed to a gnoll's poison

Action                   |  1- 3 |  4- 6 || total
-------------------------+-------+-------++-------
Melee: Long sword        |   116 |   214 ||   330
Evoke: Wand              |       |     3 ||     3
  Use: Potion            |       |     6 ||     6
  Eat: Chunk             |     1 |     6 ||     7
